Workbook

Sheet Payment Schedule
A1: Payment ScheduleMay 2020 for invoices paid/received for April
A3: Payee | B3: Item | C3: Ref | D3: Net Cost | E3: VAT | F3: Total | G3: Notes
A4: Jane Clarke | B4: Salary May | C4: BACS 00501 | D4: - | E4: - | F4: - | G4: To be paid 24/05/2020
A5: Jane Clarke | B5: Expenses paid | C5: BACS 00502 | D5: ='Clerk Expenses'!C12 -> 651.69 | E5: ='Clerk Expenses'!D12 -> 68.4 | F5: ='Clerk Expenses'!E12 -> 720.29 | G5: Paid 15/04/2020
A6: Jane Clarke | B6: Expenses owed | C6: BACS 00503 | D6: ='Clerk Expenses'!C22 -> 0 | E6: ='Clerk Expenses'!D22 -> 4.21 | F6: ='Clerk Expenses'!E22 -> 25.28
A7: Tamar Tele. | B7: Monthly phone redirection | C7: BACS 00504 | D7: 17.22 | E7: 3.44 | F7: =D7+E7 -> 20.66 | G7: Direct Debit
A8: Nest Pensions | B8: Monthly pension scheme | C8: BACS 00505 | D8: 125.84 | E8: 0 | F8: =D8+E8 -> 125.84 | G8: Direct Debit
A9: Chris Maplesden | B9: Removal of the second large oak tree at cricket field | C9: BACS 00506 | D9: 750 | E9: 0 | F9: =D9+E9 -> 750 | G9: Paid 02/04/2020
A10: HazelMcCormack Young LLP | B10: Cost Plan for the Cricket Pavilion project | C10: BACS 00507 | D10: 3000 | E10: 600 | F10: =D10+E10 -> 3600 | G10: Paid 28/04/2020
A11: Uniserve | B11: Invoices x 2 | C11: BACS 00508 | D11: =45.6*2 -> 91.2 | E11: =9.12*2 -> 18.24 | F11: =D11+E11 -> 109.44
A12: Viking | B12: Stationary and white board for clerk | C12: BACS 00510 | D12: =F12*0.8 -> 53.696 | E12: =F12*0.2 -> 13.424 | F12: 67.12 | G12: Paid 20/04/2020
A13: SSLAC | B13: Annual payment to Associations | C13: BACS 00511 | D13: =F13*0.8 -> 739.12 | E13: =F13*0.2 -> 184.78 | F13: 923.9 | G13: Paid 20/04/2020
A14: Limpo Storage | B14: Annaul payment for document storage | C14: BACS 00512 | D14: 90 | E14: 18 | F14: =D14+E14 -> 108 | G14: Paid
A15: Uniserve | B15: Invoice UNI 25099 | C15: BACS 00509 | D15: 45.6 | E15: 9.12 | F15: =D15+E15 -> 54.72
A17: Total Payments | D17: ='Clerk Expenses'!C12 -> 651.69 | E17: =SUM(E4:E16) -> 919.614 | F17: ='Clerk Expenses'!E12 -> 720.29
A18: Balance on the 30/04/2020 | D18: 88201.07
A19: Balance minus unpaid invoice
A21: Chair Signature | D21: .
A23: Date

Sheet Clerk Expenses
A1: Name: Jane Clarke
A2: Date: March 2020
A4: Items Paid For | B4: Notes | C4: Net | D4: VAT | E4: Total
A5: A6 Flyers x 500 | B5: Flyers for surgery | C5: 29.99 | D5: 6 | E5: =C5+D5 -> 35.99 | F5: Paid 15/04/2020
A6: Volunteer Shopping | B6: for R. Russell, C. Hammond, M. Lyndon | C6: =10.94+29.96+5.2+10.94 -> 57.04 | D6: 0 | E6: 57.24 | F6: Paid 15/04/2020
A7: Gloves and Hand sanitiser | B7: For volunteers | C7: 187.74 | D7: 0 | E7: =C7+D7 -> 187.74 | F7: Paid 15/04/2020
A8: Resuable plactic containers | B8: To put the hand sanitiser in (x40) | C8: 64.9 | D8: 0 | E8: =C8+D8 -> 64.9 | F8: Paid 15/04/2020
A9: Survey Monkey | B9: One Years subscription | C9: =374.42-D9 -> 312.02 | D9: 62.4 | E9: =C9+D9 -> 374.42 | F9: Paid 15/04/2020
E10: =C10+D10 -> 0
A12: Totals | C12: =SUM(C5:C11) -> 651.69 | D12: =SUM(D5:D11) -> 68.4 | E12: =SUM(E5:E11) -> 720.29
A14: Items Owed | B14: Notes | C14: Net | D14: VAT | E14: Total
A15: Adobe | B15: Monthly sub paid for by the Clerk | C15: 21.07 | D15: 4.21 | E15: =C15+D15 -> 25.28
E16: =C16+D16 -> 0
E17: =C17+D17 -> 0
E18: =C18+D18 -> 0
E19: =C19+D19 -> 0
E20: =C20+D20 -> 0
A22: Totals | C22: =SUM(C16:C21) -> 0 | D22: =SUM(D15:D21) -> 4.21 | E22: =SUM(E15:E21) -> 25.28
